 Seeded DCSS version 0.26.1-11-gd32895ea62 (webtiles) character file.

Game seed: 13435453013147752700 (custom seed)

127740 wilfster70 the Fighter (level 17, -21/135 HPs)
             Began as a Gnoll Ice Elementalist on Apr 30, 2021.
             Was the Champion of Ashenzari.
             Killed by the air
             ... invoked by a wind drake
              (23 damage)
             ... on level 1 of the Shoals.
             The game lasted 01:37:01 (36055 turns).

wilfster70 the Fighter (Gnoll Ice Elementalist)    Turns: 36055, Time: 01:37:01

Health: -21/135    AC: 13    Str: 15    XL:     17   Next: 1%
Magic:  15/33      EV: 25    Int: 26    God:    Ashenzari [******]
Gold:   734        SH: 14    Dex: 22    Spells: 19/40 levels left

rFire    + . .     SeeInvis +   a - +8 trident of Debt {freeze, Str+4 Dex+5} (curse)
rCold    . . .     Faith    .   t - +1 buckler {rF+}
rNeg     + . .     Spirit   .   X - +1 leather armour {Will+}
rPois    +         Reflect  +   O - +0 hat {Will+} (curse)
rElec    .         Harm     .   y - +0 cloak (curse)
rCorr    .         Rampage  .   S - +1 pair of gloves (curse)
Will     +++++     Clarity  +   K - +2 pair of boots {Fly} (curse)
Stlth    ++++++....             B - amulet of reflection (curse)
HPRegen  0.32/turn              i - ring of Iqimaos {rPois rN+ Will+ Int+3} (curse)
MPRegen  0.23/turn              L - ring "Ysepid" {Will+ Slay+3} (curse)

@: flying, studying Fighting
A: distributed training, fangs 1, strong nose
a: Stop Flying, Renounce Religion, Curse Item, Scrying


You were on level 1 of the Shoals.
You worshipped Ashenzari.
Ashenzari was exalted by your worship.
You visited 4 branches of the dungeon, and saw 24 of its levels.
You also visited: Trove, Bailey and Volcano.

You collected 2915 gold pieces.
You spent 2181 gold pieces at shops.

Inventory:

Hand Weapons
 a - the cursed +8 trident of Debt (weapon) {freeze, Str+4 Dex+5}
   (You found it on level 11 of the Dungeon)

   It has been specially enchanted to freeze those struck by it, causing extra
   injury to most foes and up to half again as much damage against particularly
   susceptible opponents.
   It can also slow down cold-blooded creatures.
   It affects your strength (+4).
   It affects your dexterity (+5).
   It has a curse placed upon it.
Missiles
 p - 53 poisoned darts
Armour
 t - a +1 buckler of fire resistance (worn)
 y - a cursed +0 cloak (worn)
 A - a +3 leather armour of fire resistance
 K - a cursed +2 pair of boots of flying (worn)
 O - a cursed +0 hat of willpower (worn)
 S - a cursed +1 pair of gloves (worn)
 X - a +1 leather armour of willpower (worn)
Jewellery
 i - the cursed ring of Iqimaos (left hand) {rPois rN+ Will+ Int+3}
   (You bought it in a shop on level 2 of the Orcish Mines)

   [ring of positive energy]

   It affects your intelligence (+3).
   It protects you from poison.
   It protects you from negative energy.
   It affects your willpower, your defense against some magical effects.
   It has a curse placed upon it.
 k - an uncursed ring of protection from fire
 x - an uncursed ring of stealth
 B - a cursed amulet of reflection (around neck)
 L - the cursed ring "Ysepid" (right hand) {Will+ Slay+3}
   (You found it in a treasure trove)

   [ring of willpower]

   It affects your accuracy and damage with ranged weapons and melee attacks
   (+3).
   It affects your willpower, your defense against some magical effects.
   It has a curse placed upon it.
 N - the ring "Leujun" {rC+ rCorr}
   (You found it in a treasure trove)

   [ring of resist corrosion]

   It protects you from cold.
   It provides partial protection from all sources of acid and corrosion.
Wands
 j - a wand of flame (43)
 m - a wand of acid (27)
 E - a wand of polymorph (23)
 R - a wand of iceblast (7)
 T - a wand of digging (5)
 V - a wand of paralysis (24)
Scrolls
 b - 6 scrolls of teleportation
 f - 3 scrolls of fear
 h - 4 scrolls of fog
 o - 4 scrolls of magic mapping
 r - 4 scrolls of identify
 u - 3 scrolls of blinking
 v - 11 scrolls of remove curse
 w - a scroll of immolation
 Q - a scroll of summoning
Potions
 c - 2 potions of invisibility
 d - 4 potions of haste
 e - 6 potions of might
 g - 4 potions of brilliance
 l - 2 potions of mutation
 n - 4 potions of lignification
 q - 4 potions of flight
 s - a potion of cancellation
 z - 7 potions of curing
 C - 4 potions of heal wounds
 D - a potion of ambrosia
 I - 3 potions of resistance
 J - a potion of magic
 P - a potion of berserk rage
Books
 W - a manual of Fighting
Miscellaneous
 F - a lightning rod (4/4)
 G - a phial of floods
 H - a box of beasts


   Skills:
 + Level 12.4 Fighting
 + Level 11.1 Short Blades
 + Level 11.1 Long Blades
 + Level 11.1 Axes
 + Level 11.7 Maces & Flails
 + Level 11.1(15.3) Polearms
 + Level 11.1 Staves
 + Level 11.1 Slings
 + Level 11.1 Bows
 + Level 11.1 Crossbows
 + Level 11.1 Throwing
 + Level 11.1 Armour
 + Level 11.9(14.6) Dodging
 + Level 11.8(14.5) Stealth
 + Level 11.1 Shields
 + Level 11.1 Unarmed Combat
 + Level 12.0 Spellcasting
 + Level 9.4(13.7) Conjurations
 + Level 9.4(13.7) Hexes
 + Level 9.4(13.7) Summonings
 + Level 9.4(13.7) Necromancy
 + Level 9.4(13.7) Translocations
 + Level 9.4(13.7) Transmutations
 + Level 9.4(13.7) Fire Magic
 + Level 11.6(15.8) Ice Magic
 + Level 9.4(13.7) Air Magic
 + Level 9.4(13.7) Earth Magic
 + Level 9.4(13.7) Poison Magic
 + Level 12.0 Invocations
 + Level 11.1(15.3) Evocations


You had 19 spell levels left.
You knew the following spells:

 Your Spells              Type           Power        Failure   Level
a - Summon Ice Beast      Ice/Summ       75%          1%          4
b - Frozen Ramparts       Ice            100%         1%          3
c - Ozocubu's Armour      Ice            78%          1%          3
d - Borgnjor's Vile Clut  Necr/Erth      36%          1%          5
e - Invisibility          Hex            72%          2%          6

Your spell library contained the following spells:

 Spells                   Type           Power        Failure   Level
 Animate Skeleton         Necr           100%         0%          1
 Apportation              Tloc           100%         0%          1
 Freeze                   Ice            100%         0%          1
 Magic Dart               Conj           100%         0%          1
 Pain                     Necr           100%         0%          1
 Ensorcelled Hibernation  Hex/Ice        100%         0%          2
 Blink                    Tloc           N/A          1%          2
 Call Imp                 Summ           72%          1%          2
 Slow                     Hex            72%          1%          2
 Conjure Flame            Conj/Fire      72%          1%          3
 Lesser Beckoning         Tloc           36%          1%          3
 Mephitic Cloud           Conj/Pois/Air  72%          1%          3
 Static Discharge         Conj/Air       72%          1%          3
 Tukima's Dance           Hex            72%          1%          3
 Vampiric Draining        Necr           36%          1%          3
 Animate Dead             Necr           36%          1%          4
 Hailstorm                Conj/Ice       75%          1%          4
 Agony                    Necr           72%          1%          5
 Alistair's Intoxication  Tmut/Pois      48%          1%          5
 Lightning Bolt           Conj/Air       36%          1%          5
 Silence                  Hex/Air        36%          1%          5
 Shadow Creatures         Summ           N/A          2%          6
 Ignition                 Fire           36%          69%         8
 Shatter                  Erth           36%          100%        9
 Tornado                  Air            36%          100%        9


Dungeon Overview and Level Annotations

Branches:
Dungeon (15/15)            Temple (0/1) D:6            Lair (6/6) D:10
 Shoals (1/4) Lair:2        Snake (0/4) Lair:2        Slime (0/5) Lair:5
    Orc (2/2) D:12            Elf (0/3) Orc:2        Vaults (0/5) D:14
 Depths (0/5) D:15         Bailey (visited)         Volcano (visited)

Altars:
Ashenzari
Elyvilon
Hepliaklqana
Nemelex Xobeh
Okawaru
Trog
Xom
The Shining One
Jiyva

Shops:
D:8 :   D:14 *   Orc:2 ==*?

Annotations:
D:6 2 transporters, kalagan's ghost, novice DECj
Lair:1 2 transporters, manyhoops's ghost, journeyman PaTm
Lair:6 exclusion: 3 doors


Innate Abilities, Weirdness & Mutations

Your experience applies equally to all skills.
You have very sharp teeth.
Your uncanny sense of smell can sniff out nearby items.


Message History

The wind drake flaps its wings at you.
The air twists around and violently strikes you in flight!
* * * LOW HITPOINT WARNING * * *
The faun no longer looks unusually strong.
Your ice beast completely misses the wind drake.
The faun shoots a sling bullet.
The sling bullet hits your ice beast! The wind drake bites your ice beast.
Your ice beast misses the wind drake.
The wind drake bites your ice beast.
The faun shoots a sling bullet.
The sling bullet hits your ice beast!
Your ice beast hits the wind drake.
Your ice beast freezes the wind drake!!
Your ice beast hits the faun.
Your ice beast freezes the faun!
Something hits your ice beast!!
Your ice beast dies!
Your ice beast hits the faun.
Your ice beast freezes the faun!!
The wind drake flaps its wings at you.
The air twists around and violently strikes you in flight!!
* * * LOW HITPOINT WARNING * * *
The wind drake flaps its wings at you.
The air twists around and violently strikes you in flight!!
You die...

..≈..≈..#........≈≈≈≈≈≈≈ ≈,,, ,
#.≈≈≈≈........≈≈≈≈≈≈≈≈≈≈≈≈..* *
(..≈≈≈≈....≈≈≈≈≈≈≈≈≈≈≈≈≈≈≈.## ,
.≈............≈≈≈≈≈≈≈≈≈≈≈≈..###.
(≈.....≈≈......≈≈≈≈≈≈≈≈≈≈≈(.....≈
≈≈......≈≈≈.....≈≈≈≈≈≈≈≈≈≈≈(...≈≈
≈≈≈.............≈≈≈≈≈≈≈≈≈......≈≈
≈≈[..####...#...≈≈≈≈≈≈≈≈........≈
≈≈..## ##.≈≈....@≈≈≈≈≈≈......#..≈
≈....###.≈≈≈≈....≈≈≈≈≈.))###...≈.
≈........≈≈≈≈≈≈.≈≈≈≈≈≈.k)###...≈≈
≈≈≈.≈...≈≈≈≈≈≈≈≈≈≈≈≈≈≈≈(Y(#....≈≈
≈≈≈≈≈≈≈.≈≈≈≈..≈≈≈≈≈≈≈≈≈≈c(c..{cP≈
≈≈≈≈≈≈≈≈≈≈≈≈≈≈≈≈≈≈≈≈≈≈≈≈......≈{P
≈≈≈≈≈≈≈≈≈≈≈≈≈≈≈≈≈≈≈≈≈≈≈≈≈≈..≈≈≈≈c
≈≈≈≈≈≈≈≈≈≈≈≈≈≈≈≈≈≈≈≈≈≈≈≈≈≈≈≈≈≈≈≈P
≈≈≈≈≈≈≈≈≈≈≈≈≈≈≈≈≈≈≈≈≈≈≈≈≈...≈≈≈≈≈


You could see a wind drake (repels missiles).

Vanquished Creatures
  Jorgrun (Orc:2)
  A merfolk impaler (Shoals:1)
  An ettin (D:15)
  An ogre mage (D:15)
  Josephine (Lair:4)
  Harold (Orc:1)
  3 boulder beetles
  5 hydras
  Fannar (Lair:1)
  2 centaur warriors
  A tengu warrior (D:14)
  A two-headed ogre (D:9)
  Erica (Orc:1)
  5 death yaks
  3 orc high priests (Orc:2)
  Nergalle (D:11)
  2 unseen horrors
  A deep troll (D:15)
  A wolf spider zombie (D:15)
  2 sea snakes
  2 lindwurms (Volcano)
  8 harpies
  6 orc knights
  3 fauns (Shoals:1)
  3 deep elf magi
  2 cyclopes
  5 orc sorcerers
  11 ugly things
  3 oklob plants (Lair:3)
  5 elephants
  5 manticores
  A merfolk siren (Shoals:1)
  2 toenail golems (Volcano)
  A centaur zombie (D:15)
  6 black mambas
  An eye of devastation (shapeshifter) (D:14)
  3 molten gargoyles (Volcano)
  A torpor snail (Lair:1)
  18 cane toads
  11 komodo dragons
  3 efreet
  2 kobold demonologists (Bailey)
  A redback zombie (D:14)
  2 polar bears (Lair:6)
  2 merfolk (Shoals:1)
  2 tengu conjurers
  7 trolls
  A wolf spider simulacrum (D:15)
  3 tyrant leeches (Lair:6)
  A wind drake (Shoals:1)
  4 blink frogs (Lair:6)
  A dream sheep (Shoals:1)
  11 slime creatures
  A centaur simulacrum (D:15)
  A water elemental (Shoals:1)
  40 yaks
  Eustachio (D:5)
  4 fire elementals (Volcano)
  A hog (Lair:6)
  9 wraiths
  3 wyverns
  6 vampire mosquitoes
  4 basilisks
  Menkaure (D:6)
  A warg (Orc:2)
  An acid dragon (D:12)
  22 water moccasins
  An ice beast (D:14)
  2 eyes of draining
  A sky beast (D:9)
  3 black bears
  32 orc warriors
  A phantom (D:7)
  A hornet zombie (D:14)
  10 ogres
  6 wolves
  11 centaurs
  2 big kobolds (D:7)
  21 bullfrogs
  An earth elemental (Volcano)
  7 scorpions
  19 killer bees
  18 wights
  7 howler monkeys
  A bullfrog zombie (D:9)
  A quasit (D:9)
  3 hounds
  3 jellies
  6 centaur skeletons
  21 orc priests
  26 orc wizards
  3 bullfrog skeletons
  An iguana (D:12)
  Ijyb (D:3)
  4 hell rats (Lair:5)
  8 worker ants
  A hound skeleton (D:4)
  A worker ant zombie (D:10)
  10 gnolls
  A howler monkey skeleton (D:9)
  21 adders
  3 white imps
  An ufetubus (D:10)
  2 adder skeletons
  2 worms
  2 dart slugs (D:2)
  3 leopard geckos
  62 orcs
  5 ball pythons
  5 bats
  4 giant cockroaches
  18 goblins
  10 hobgoblins
  13 jackals
  16 kobolds
  5 quokkas
  5 frilled lizards
  7 rats
  2 fire vortices (Volcano)
687 creatures vanquished.

Vanquished Creatures (collateral kills)
  Rupert (Orc:2)
  Kirke (Lair:6)
  Snorg (Orc:1)
  5 hydras
  A vault guard (D:14)
  A rakshasa (D:14)
  A centaur warrior (D:12)
  5 two-headed ogres
  3 death yaks
  A fire crab (Lair:6)
  A sea snake (Shoals:1)
  A harpy (Shoals:1)
  5 ugly things
  An orc knight (Orc:2)
  3 fauns (Shoals:1)
  A deep elf mage (D:14)
  6 elephants
  A black mamba (Lair:6)
  A centaur skeleton (D:12)
  11 cane toads
  A komodo dragon (Lair:2)
  A troll (Orc:2)
  An efreet (Volcano)
  2 tyrant leeches (Lair:6)
  A merfolk (Shoals:1)
  10 blink frogs (Lair:6)
  2 dream sheep (Shoals:1)
  5 slime creatures
  A water elemental (Shoals:1)
  6 yaks
  A fire elemental (Volcano)
  3 hogs (Lair:6)
  4 vampire mosquitoes (Lair:6)
  A water moccasin (Lair:4)
  An orc warrior (D:7)
  An ice beast (D:5)
  A wolf (Lair:5)
  A centaur (D:12)
  3 bullfrogs (Lair:6)
  3 killer bees (D:11)
  3 wights
  2 orc priests
  An orc wizard (D:7)
  A bullfrog skeleton (D:12)
  A hell rat (Lair:5)
  An orc (Orc:1)
  A fire vortex (Volcano)
110 creatures vanquished.

Vanquished Creatures (others)
  A redback zombie (D:15)
  A centaur (D:15)
  A wight (D:15)
  An orc wizard (Orc:2)
  An orc (Orc:2)
  54 fungi
  152 plants
211 creatures vanquished.

Grand Total: 1008 creatures vanquished

Notes
Turn   | Place    | Note
-------+----------+-------------------------------------------
     0 | D:1      | wilfster70 the Gnoll Ice Elementalist began the quest for
                  | the Orb.
     0 | D:1      | Reached XP level 1. HP: 13/13 MP: 6/6
    78 | D:1      | Found a broken altar of Ashenzari.
    82 | D:1      | Became a worshipper of Ashenzari the Shackled
   415 | D:1      | Reached XP level 2. HP: 19/19 MP: 4/7
   862 | D:2      | Reached XP level 3. HP: 25/25 MP: 6/9
   869 | D:2      | Learned a level 3 spell: Frozen Ramparts
   873 | D:2      | Learned a level 3 spell: Ozocubu's Armour
   922 | D:2      | Reached skill level 5 in Spellcasting
  1316 | D:2      | Reached skill level 1 in Invocations
  1490 | D:2      | Reached skill level 1 in Fighting
  1490 | D:2      | Reached skill level 1 in Short Blades
  1490 | D:2      | Reached skill level 1 in Long Blades
  1490 | D:2      | Reached skill level 1 in Axes
  1490 | D:2      | Reached skill level 1 in Maces & Flails
  1490 | D:2      | Reached skill level 1 in Polearms
  1490 | D:2      | Reached skill level 1 in Staves
  1490 | D:2      | Reached skill level 1 in Slings
  1490 | D:2      | Reached skill level 1 in Bows
  1490 | D:2      | Reached skill level 1 in Crossbows
  1490 | D:2      | Reached skill level 1 in Throwing
  1490 | D:2      | Reached skill level 1 in Armour
  1490 | D:2      | Reached skill level 1 in Shields
  1490 | D:2      | Reached skill level 1 in Unarmed Combat
  1490 | D:2      | Reached skill level 1 in Evocations
  1585 | D:2      | Reached XP level 4. HP: 32/32 MP: 7/11
  1896 | D:3      | Reached skill level 1 in Conjurations
  1896 | D:3      | Reached skill level 1 in Hexes
  1896 | D:3      | Reached skill level 1 in Summonings
  1896 | D:3      | Reached skill level 1 in Necromancy
  1896 | D:3      | Reached skill level 1 in Translocations
  1896 | D:3      | Reached skill level 1 in Transmutations
  1896 | D:3      | Reached skill level 1 in Fire Magic
  1896 | D:3      | Reached skill level 1 in Air Magic
  1896 | D:3      | Reached skill level 1 in Earth Magic
  1896 | D:3      | Reached skill level 1 in Poison Magic
  2066 | D:3      | Noticed Ijyb
  2077 | D:3      | Killed Ijyb
  2078 | D:3      | Reached XP level 5. HP: 37/37 MP: 8/12
  2594 | D:3      | Reached * piety under Ashenzari
  2683 | D:3      | Found a sparkling altar of Nemelex Xobeh.
  2795 | D:4      | Found an iron altar of Okawaru.
  2807 | D:4      | Reached XP level 6. HP: 40/44 MP: 9/13
  2811 | D:4      | Reached skill level 5 in Dodging
  2821 | D:4      | Found a hazy altar of Hepliaklqana.
  3273 | D:4      | Reached XP level 7. HP: 36/50 MP: 9/15
  4065 | D:5      | Entered Level 5 of the Dungeon
  4108 | D:5      | Noticed Eustachio
  4126 | D:5      | Killed Eustachio
  4127 | D:5      | Reached skill level 5 in Stealth
  4460 | D:5      | Learned a level 4 spell: Summon Ice Beast
  4503 | D:5      | Reached XP level 8. HP: 46/57 MP: 10/16
  4627 | D:6      | Noticed a wraith
  4814 | D:6      | Found a transporter.
  4835 | D:6      | Got the falchion "Bisade" {vorpal, rElec Int+3}
  4836 | D:6      | Identified the +9 falchion "Bisade" {vorpal, rElec Int+3}
                  | (You found it on level 6 of the Dungeon)
  4969 | D:6      | Found a staircase to the Ecumenical Temple.
  5045 | D:6      | Noticed kalagan's ghost (novice DECj)
  5059 | D:6      | Found a transporter.
  5243 | D:6      | Noticed Menkaure
  5251 | D:6      | Killed Menkaure
  5967 | D:7      | Reached XP level 9. HP: 65/65 MP: 12/18
  6691 | D:7      | Reached ** piety under Ashenzari
  7683 | D:8      | Found Xopteit's Book Boutique.
  8360 | D:9      | Reached skill level 5 in Invocations
  8401 | D:9      | Reached XP level 10. HP: 64/73 MP: 13/20
  8463 | D:9      | Noticed a two-headed ogre
  8473 | D:9      | Killed a two-headed ogre
  8474 | D:9      | Reached skill level 5 in Fighting
  8474 | D:9      | Reached skill level 5 in Short Blades
  8474 | D:9      | Reached skill level 5 in Long Blades
  8474 | D:9      | Reached skill level 5 in Axes
  8474 | D:9      | Reached skill level 5 in Maces & Flails
  8474 | D:9      | Reached skill level 5 in Polearms
  8474 | D:9      | Reached skill level 5 in Staves
  8474 | D:9      | Reached skill level 5 in Slings
  8474 | D:9      | Reached skill level 5 in Bows
  8474 | D:9      | Reached skill level 5 in Crossbows
  8474 | D:9      | Reached skill level 5 in Throwing
  8474 | D:9      | Reached skill level 5 in Armour
  8474 | D:9      | Reached skill level 5 in Shields
  8474 | D:9      | Reached skill level 5 in Unarmed Combat
  8474 | D:9      | Reached skill level 5 in Evocations
  9286 | D:10     | Entered Level 10 of the Dungeon
  9575 | D:10     | Found a staircase to the Lair.
  9657 | D:11     | Noticed a two-headed ogre
  9699 | D:10     | Killed a two-headed ogre
  9924 | D:11     | Found a portal to a secret trove of treasure.
  9943 | Trove    | Entered a treasure trove
  9963 | Trove    | Reached skill level 5 in Conjurations
  9963 | Trove    | Reached skill level 5 in Hexes
  9963 | Trove    | Reached skill level 5 in Summonings
  9963 | Trove    | Reached skill level 5 in Necromancy
  9963 | Trove    | Reached skill level 5 in Translocations
  9963 | Trove    | Reached skill level 5 in Transmutations
  9963 | Trove    | Reached skill level 5 in Fire Magic
  9963 | Trove    | Reached skill level 5 in Air Magic
  9963 | Trove    | Reached skill level 5 in Earth Magic
  9963 | Trove    | Reached skill level 5 in Poison Magic
  9963 | Trove    | Reached XP level 11. HP: 75/83 MP: 21/23
  9964 | Trove    | Reached XP level 12. HP: 83/91 MP: 21/25
  9972 | Trove    | Got the trident "Neonaop" {protect, Dex+2 Stlth+}
  9977 | Trove    | Identified the cursed ring "Ysepid" {Will+ Slay+3}
  9977 | Trove    | Identified the cursed ring of Tomorrow {+Fly Dex+4 Stlth+}
  9977 | Trove    | Identified the ring "Leujun" {rC+ rCorr}
 10196 | D:11     | Reached XP level 13. HP: 96/96 MP: 15/26
 10486 | D:11     | Got the trident of Debt {freeze, Str+4 Dex+5}
 10526 | D:10     | Identified the +8 trident of Debt {freeze, Str+4 Dex+5}
                  | (You found it on level 11 of the Dungeon)
 10535 | D:10     | Identified the +5 trident "Neonaop" {protect, Dex+2 Stlth+}
                  | (You found it in a treasure trove)
 10553 | Lair:1   | Entered Level 1 of the Lair of Beasts
 10565 | Lair:1   | Found a transporter.
 10570 | Lair:1   | Found a transporter.
 10574 | Lair:1   | Identified the +3 trident of Duty {antimagic, +Fly rElec
                  | rF+}
 10575 | Lair:1   | Found a bloodstained altar of Trog.
 10577 | Lair:1   | Noticed manyhoops's ghost (journeyman PaTm)
 10688 | Lair:1   | Noticed Fannar
 10701 | Lair:1   | Killed Fannar
 11705 | Lair:2   | Found a staircase to the Shoals.
 12105 | Lair:1   | Found a bloodstained altar of Trog.
 12112 | Lair:1   | Found a transporter.
 12137 | Lair:1   | Found a transporter.
 12703 | Lair:2   | Found a staircase to the Snake Pit.
 14735 | D:8      | Bought a book of Dreams for 975 gold pieces
 14741 | D:8      | Learned a level 5 spell: Borgnjor's Vile Clutch
 15531 | Lair:4   | Noticed Josephine
 15547 | Lair:4   | Killed Josephine
 15573 | Lair:4   | Reached skill level 10 in Ice Magic
 16394 | Lair:4   | Identified the ring "Heac" {*Tele rN+ Int-5 Dex+2}
 16595 | Lair:4   | Reached XP level 14. HP: 106/106 MP: 20/27
 16961 | Lair:5   | Found a viscous altar of Jiyva.
 16962 | Lair:5   | Found a staircase to the Slime Pits.
 16988 | Lair:5   | Reached *** piety under Ashenzari
 17183 | Lair:5   | Reached skill level 10 in Spellcasting
 17812 | Lair:5   | Reached skill level 10 in Dodging
 18356 | Lair:6   | Entered Level 6 of the Lair of Beasts
 19036 | Lair:6   | Reached skill level 10 in Stealth
 19578 | Lair:6   | Reached skill level 10 in Invocations
 20636 | Lair:6   | Reached **** piety under Ashenzari
 20682 | Lair:6   | Noticed Kirke
 21102 | Lair:6   | Killed Kirke
 21427 | Lair:6   | Identified the cursed +1 spear "Fimytyn" {venom, rElec
                  | Int+3}
 21642 | Lair:6   | Reached XP level 15. HP: 101/114 MP: 21/29
 22255 | D:11     | Identified the +11 mace of Quirru {vorpal, +Blink +Rage
                  | Dex-5 SInv}
 22420 | D:11     | Noticed Nergalle
 22429 | D:11     | Killed Nergalle
 25201 | D:10     | Reached skill level 10 in Fighting
 25736 | D:12     | Reached ***** piety under Ashenzari
 26423 | D:12     | Reached skill level 10 in Maces & Flails
 26775 | D:12     | Found a staircase to the Orcish Mines.
 26789 | Orc:1    | Entered Level 1 of the Orcish Mines
 27114 | D:8      | Bought a book of Party Tricks for 650 gold pieces
 27121 | D:8      | Learned a level 6 spell: Invisibility
 27273 | Orc:1    | Noticed Harold
 27286 | Orc:1    | Killed Harold
 27407 | Orc:1    | Noticed Snorg
 27429 | Orc:1    | Noticed Erica
 27430 | Orc:1    | Killed Snorg
 27445 | Orc:1    | Killed Erica
 27446 | Orc:1    | Reached skill level 10 in Short Blades
 27446 | Orc:1    | Reached skill level 10 in Long Blades
 27446 | Orc:1    | Reached skill level 10 in Axes
 27446 | Orc:1    | Reached skill level 10 in Polearms
 27446 | Orc:1    | Reached skill level 10 in Staves
 27446 | Orc:1    | Reached skill level 10 in Slings
 27446 | Orc:1    | Reached skill level 10 in Bows
 27446 | Orc:1    | Reached skill level 10 in Crossbows
 27446 | Orc:1    | Reached skill level 10 in Throwing
 27446 | Orc:1    | Reached skill level 10 in Armour
 27446 | Orc:1    | Reached skill level 10 in Shields
 27446 | Orc:1    | Reached skill level 10 in Unarmed Combat
 27446 | Orc:1    | Reached skill level 10 in Evocations
 27667 | Orc:2    | Entered Level 2 of the Orcish Mines
 27667 | Orc:2    | Noticed Rupert
 27676 | Orc:2    | Killed Rupert
 27687 | Orc:2    | Found a shimmering altar of Xom.
 27784 | Orc:2    | Noticed Jorgrun
 27797 | Orc:2    | Killed Jorgrun
 27983 | Orc:2    | Found a dark tunnel.
 27993 | Volcano  | Entered a volcano
 28812 | Orc:2    | Found a staircase to the Elven Halls.
 28962 | Orc:2    | Found Fomocave's Magic Scroll Shoppe.
 29701 | Orc:2    | Found Tuawnopn's Assorted Antiques.
 29708 | Orc:2    | Found Vovvab's Jewellery Shop.
 29714 | Orc:2    | Found Oguska's Jewellery Shoppe.
 29855 | Orc:2    | Bought the ring of Iqimaos {rPois rN+ Will+ Int+3} for 474
                  | gold pieces
 30014 | D:13     | Found a flagged portal.
 30023 | Bailey   | Entered a bailey
 30083 | Bailey   | Found an iron altar of Okawaru.
 30096 | Bailey   | Reached XP level 16. HP: 119/125 MP: 19/31
 30410 | Bailey   | Identified a scroll of acquirement
 30485 | D:13     | Acquired a cursed +1 pair of boots of flying
 32515 | D:14     | Found Diuguot's General Store.
 32525 | D:14     | Bought a scroll of enchant armour for 82 gold pieces
 32781 | D:14     | Found a white marble altar of Elyvilon.
 32785 | D:14     | Found a glowing golden altar of the Shining One.
 32926 | D:14     | Found a gate to the Vaults.
 33137 | D:15     | Entered Level 15 of the Dungeon
 33827 | D:15     | Reached ****** piety under Ashenzari
 34493 | D:15     | Found a staircase to the Depths.
 35363 | Shoals:1 | Entered Level 1 of the Shoals
 36041 | Shoals:1 | Reached XP level 17. HP: 64/135 MP: 17/33
 36054 | Shoals:1 | HP: 1/135 [wind drake/the air (33)]
 36055 | Shoals:1 | Killed from afar by a wind drake

Illustrated notes

Levels and vault maps discovered:
D:1:      giann_forest_graveyard, layout_rooms, serial_curves, eino_curves_03,
          eino_curves_03, hangedman_abyss_or_decor_stabs,
          nicolae_ashenzari_panopticon
D:2:      layout_rooms
D:3:      layout_basic, chequers_decorated_corner, nemelex_spade_bored_becter,
          uniq_ijyb
D:4:      layout_loops_ring, nicolae_overflow_hidden_temple, okawaru_gym_becter
D:5:      layout_rooms, uniq_eustachio
D:6:      layout_loops_ring, minmay_temple_entry_sparse_star,
          gammafunk_ghost_mausoleum, uniq_menkaure
D:7:      layout_basic
D:8:      layout_loops_corners, serial_shops,
          nicolae_shop_temple_entry_statues_fountains
D:9:      layout_basic, serial_curves, eino_curves_02, eino_curves_01
D:10:     layout_irregular_city, grunt_lair_entry_orc_guard_hut
D:11:     layout_stronghold, nicolae_trove_entry_diagonal,
          lemuel_flamethrower_hall, uniq_nergalle
D:12:     layout_rooms, david_orc_4
D:13:     layout_gridville, enter_bailey_5, grunt_ministairs_2
D:14:     layout_long_grid, david_vaults_5, serial_shops, kennysheep_mini,
          tso_altar, elyvilon_altar_4
D:15:     hangedman_depths_entry_civil_slaughter, layout_stronghold
Lair:1:   layout_cave_pods, gammafunk_ghost_wrathful_warriors,
          grunt_megastairs_5, uniq_fannar
Lair:2:   layout_roguey, shoals_dummy_entry, minmay_snake_entry_six_corridors,
          beast_lair_carwin_11, lemuel_fruit_tree
Lair:3:   layout_gridlike, grunt_megastairs_1, minmay_lair_oklob_chamber
Lair:4:   layout_long_grid, uniq_josephine
Lair:5:   layout_long_grid, slime_altar_1, serial_bayou_shore_a,
          grunt_megastairs_4
Lair:6:   minmay_lair_end_frog_pond, layout_gridlike, zaba_antful_of_joy,
          uniq_kirke
Shoals:1: argonaut_golden_fleece, layout_shoals
Orc:1:    layout_caves, uniq_harold, uniq_snorg, uniq_erica
Orc:2:    st_orc_elflike, layout_caves, basic_altar,
          lightli_volcano_entry_magma_tube, uniq_rupert, uniq_jorgrun

Skill      XL: |  1  2  3  4  5  6  7  8  9 10 11 12 13 14 15 16 |
---------------+-------------------------------------------------+-----
Spellcasting   | 5 6 7 8 9 10 11 12 | 12.0
Invocations    | 1 2 3 4 5 7 8 9 10 11 12 | 12.0
Fighting       | 1 2 3 4 6 7 8 9 11 12 | 12.4
Short Blades   | 1 2 3 4 6 7 8 9 10 11 | 11.1
Long Blades    | 1 2 3 4 6 7 8 9 10 11 | 11.1
Axes           | 1 2 3 4 6 7 8 9 10 11 | 11.1
Maces & Flails | 1 2 3 4 6 7 8 9 10 11 | 11.7
Polearms       | 1 2 3 4 6 7 8 9 10 11 | 11.1
Staves         | 1 2 3 4 6 7 8 9 10 11 | 11.1
Slings         | 1 2 3 4 6 7 8 9 10 11 | 11.1
Bows           | 1 2 3 4 6 7 8 9 10 11 | 11.1
Crossbows      | 1 2 3 4 6 7 8 9 10 11 | 11.1
Throwing       | 1 2 3 4 6 7 8 9 10 11 | 11.1
Armour         | 1 2 3 4 6 7 8 9 10 11 | 11.1
Shields        | 1 2 3 4 6 7 8 9 10 11 | 11.1
Unarmed Combat | 1 2 3 4 6 7 8 9 10 11 | 11.1
Evocations     | 1 2 3 4 6 7 8 9 10 11 | 11.1
Conjurations   | 1 2 3 4 5 6 7 8 9 |  9.4
Hexes          | 1 2 3 4 5 6 7 8 9 |  9.4
Summonings     | 1 2 3 4 5 6 7 8 9 |  9.4
Necromancy     | 1 2 3 4 5 6 7 8 9 |  9.4
Translocations | 1 2 3 4 5 6 7 8 9 |  9.4
Transmutations | 1 2 3 4 5 6 7 8 9 |  9.4
Fire Magic     | 1 2 3 4 5 6 7 8 9 |  9.4
Air Magic      | 1 2 3 4 5 6 7 8 9 |  9.4
Earth Magic    | 1 2 3 4 5 6 7 8 9 |  9.4
Poison Magic   | 1 2 3 4 5 6 7 8 9 |  9.4
Dodging        | 5 6 8 9 10 11 | 11.9
Stealth        | 5 6 7 8 9 10 11 | 11.8
Ice Magic      | 8 9 10 11 | 11.6

Action                   |  1- 3 |  4- 6 |  7- 9 | 10-12 | 13-15 | 16-18 || total
-------------------------+-------+-------+-------+-------+-------+-------++-------
Melee: Short sword       |    42 |    26 |       |       |       |       ||    68
       Bite              |     5 |     7 |    19 |     8 |    96 |    42 ||   177
       Spear             |       |    48 |   114 |       |       |       ||   162
       Punch             |       |     1 |       |     2 |     6 |       ||     9
       Falchion          |       |       |    85 |    71 |    22 |       ||   178
       Trident           |       |       |       |       |   857 |   353 ||  1210
       Unarmed           |       |       |       |       |     5 |       ||     5
 Cast: Freeze            |    19 |       |       |       |       |       ||    19
       Frozen Ramparts   |     7 |    16 |    32 |     9 |    70 |    20 ||   154
       Ozocubu's Armour  |       |     1 |     9 |     4 |     5 |       ||    19
       Summon Ice Beast  |       |       |     5 |     4 |   141 |    34 ||   184
       Borgnjor's Vile C |       |       |       |       |    53 |    60 ||   113
       Invisibility      |       |       |       |       |     7 |     1 ||     8
Invok: Curse Item        |       |       |       |       |     5 |     1 ||     6
Evoke: Lightning rod     |       |       |       |     4 |     8 |       ||    12
       Phial of floods   |       |       |       |     1 |       |       ||     1
       Box of beasts     |       |       |       |       |     1 |       ||     1
       Wand              |       |       |       |       |     1 |       ||     1
  Use: Potion            |     1 |       |       |     3 |     3 |       ||     7
       Scroll            |       |       |       |     5 |    28 |     4 ||    37
 Stab: Sleeping          |     2 |     1 |     5 |     3 |    22 |    16 ||    49
       Distracted        |       |       |     2 |       |    12 |     3 ||    17
       Invisible         |       |       |       |       |    27 |     6 ||    33
       Held in net/web   |       |       |       |       |     3 |       ||     3
Armor: Leather armour    |    16 |    16 |    30 |    14 |    71 |    33 ||   180
Dodge: Dodged            |    47 |    48 |   119 |    52 |   467 |   204 ||   937
Block: Other             |       |       |    19 |    14 |    12 |       ||    45
       Reflection        |       |       |     3 |       |    21 |    35 ||    59
       Buckler           |       |       |       |       |   446 |   210 ||   656
       Rpst.: Falchion   |       |       |    18 |    13 |     6 |       ||    37
